 Dungeon Crawl Stone Soup version 0.27-a0-1312-g5cdb2b3542 (webtiles) character file.

Game seed: 18275781295197075645

123708 Zonian the Destroyer (level 16, 0/97 HPs)
             Began as a Tengu Conjurer on June 20, 2021.
             Was the Champion of Dithmenos.
             Slain by a shock serpent (11 damage)
             ... on level 2 of the Snake Pit.
             The game lasted 02:31:13 (52075 turns).

Zonian the Destroyer (Tengu Conjurer)              Turns: 52075, Time: 02:31:14

Health: 0/97       AC:  6    Str: 11    XL:     16   Next: 91%
Magic:  31/40      EV: 19    Int: 26    God:    Dithmenos [******]
Gold:   524        SH:  0    Dex: 17    Spells: 1/35 levels left

rFire    . . .     SeeInvis .   X - +6 hand axe "Miadiygo" {vorpal, rElec rCorr}
rCold    . . .     Faith    .   (no shield)
rNeg     . . .     Spirit   .   g - +0 leather armour of Dewoulin {Will+ Int+3 Slay+3}
rPois    .         Reflect  .   (helmet restricted)
rElec    +         Harm     .   B - scarf {shadows}
rCorr    +         Rampage  .   J - +2 pair of gloves
Will     ++...                  (boots unavailable)
Stlth    +++++++...             m - amulet of magic regeneration
HPRegen  0.26/turn              v - ring of Ipinatt {MP+9 Dex+5}
MPRegen  0.52/turn              j - ring of wizardry

@: flying quickly and evasively, very slightly contaminated, slowed, wreathed by
umbra, very slow
A: beak, talons 3, nimble flight
a: Renounce Religion, Shadow Step, Shadow Form


You were on level 2 of the Snake Pit.
You worshipped Dithmenos.
Dithmenos was exalted by your worship.
You visited 5 branches of the dungeon, and saw 26 of its levels.
You visited 1 bazaar.

You collected 2427 gold pieces.
You spent 1903 gold pieces at shops.

Inventory:

Hand Weapons
 x - the +9 quarterstaff of the Chopping Fox {vorpal, Dex+2}
   (You found it on level 7 of the Dungeon)

   It inflicts extra damage upon your enemies.
   It affects your dexterity (+2).
 A - the +5 quarterstaff of Valour {freeze, +Rage Str+3 Int+2}
   (You found it on level 7 of the Dungeon)

   It has been specially enchanted to freeze those struck by it, causing extra
   injury to most foes and up to half again as much damage against particularly
   susceptible opponents.
   It can also slow down cold-blooded creatures.
   It affects your strength (+3).
   It affects your intelligence (+2).
   It lets you go berserk.
 E - the +3 hunting sling of Termination {venom, +Blink rC+ Int+7 SInv}
   (You found it on level 1 of the Lair of Beasts)

   It poisons the ammo it fires.
   It affects your intelligence (+7).
   It protects you from cold.
   It lets you see invisible.
   It lets you blink.
 W - the +9 long sword "Isomufi" {vorpal, rF- Str+4 Dex+8 SInv}
   (You bought it in a shop on level 1 of the Snake Pit)

   It inflicts extra damage upon your enemies.
   It affects your strength (+4).
   It affects your dexterity (+8).
   It makes you vulnerable to fire.
   It lets you see invisible.
 X - the +6 hand axe "Miadiygo" (weapon) {vorpal, rElec rCorr}
   (You bought it in a shop on level 1 of the Snake Pit)

   It inflicts extra damage upon your enemies.
   It insulates you from electricity.
   It protects you from acid and corrosion.
Missiles
 b - 11 atropa-tipped darts
 c - 3 throwing nets
 f - 125 poisoned darts
 F - 16 curare-tipped darts
 I - 25 sling bullets
Armour
 g - the +0 leather armour of Dewoulin (worn) {Will+ Int+3 Slay+3}
   (You found it on level 5 of the Dungeon)

   It affects your intelligence (+3).
   It affects your accuracy and damage with ranged weapons and melee attacks
   (+3).
   It increases your willpower.
 s - the +9 scale mail of the Pit {rN+ rCorr Dex+3 Stlth+}
   (You found it on level 10 of the Dungeon)

   It affects your dexterity (+3).
   It protects you from negative energy.
   It protects you from acid and corrosion.
   It makes you more stealthy.
 B - a scarf of shadows (worn)
 J - a +2 pair of gloves (worn)
 K - a +1 robe of the Archmagi
Jewellery
 j - a ring of wizardry (right hand)
 m - an amulet of magic regeneration (around neck)
 v - the ring of Ipinatt (left hand) {MP+9 Dex+5}
   (You took it off an orc on level 7 of the Dungeon)

   [ring of magical power]

   It affects your dexterity (+5).
   It affects your magic capacity (+9).
 N - a ring of protection from fire
 Q - a ring of ice
 T - a ring of protection from fire
 U - a ring of see invisible
Wands
 k - a wand of polymorph (19)
 p - a wand of paralysis (15)
 C - a wand of charming (23)
 D - a wand of flame (21)
 S - a wand of iceblast (4)
Scrolls
 a - 4 scrolls of amnesia
 d - 9 scrolls of teleportation
 r - 2 scrolls of magic mapping
 y - a scroll of summoning
 z - 4 scrolls of blinking
 G - 3 scrolls of enchant weapon
 M - 4 scrolls of fog
 P - a scroll of enchant armour
 R - 4 scrolls of identify
Potions
 e - a potion of invisibility
 h - 14 potions of curing
 i - 2 potions of mutation
 l - a potion of resistance
 n - a potion of haste
 o - a potion of attraction
 q - 4 potions of heal wounds
 t - 5 potions of berserk rage
 u - 2 potions of magic
 w - 3 potions of might
 H - 3 potions of brilliance
 L - 3 potions of ambrosia
 O - a potion of cancellation
Miscellaneous
 V - a condenser vane


   Skills:
 + Level 9.9 Fighting
 - Level 4.2 Staves
 + Level 6.6 Slings
 - Level 3.5 Armour
 + Level 8.8 Dodging
 + Level 9.1 Stealth
 + Level 10.3 Spellcasting
 + Level 14.5 Conjurations
 - Level 1.2 Hexes
 - Level 6.0 Translocations
 + Level 3.3 Transmutations
 + Level 9.2 Fire Magic
 + Level 11.8 Air Magic
 + Level 6.6 Poison Magic
 + Level 8.0 Invocations
 + Level 7.1 Evocations


You had one spell level left.
You knew the following spells:

 Your Spells              Type           Power      Damage    Failure   Level
a - Magic Dart            Conj           100%       1d8       0%          1
b - Searing Ray           Conj           100%       3d7       0%          2
c - Iskenderun's Battles  Conj           73%        2d12      1%          5
d - Iskenderun's Mystic   Conj/Tloc      61%        2d13      1%          4
e - Fireball              Conj/Fire      33%        3d14      1%          5
f - Lightning Bolt        Conj/Air       35%        1d53      1%          5
g - Airstrike             Air            33%        N/A       1%          4
h - Mephitic Cloud        Conj/Pois/Air  63%        N/A       1%          3
i - Irradiate             Conj/Tmut      28%        3d23      1%          5

Your spell library contained the following spells:

 Spells                   Type           Power      Damage    Failure   Level
 Corona                   Hex            21%        N/A       1%          1
 Foxfire                  Conj/Fire      100%       2x1d9     1%          1
 Shock                    Conj/Air       100%       1d9       1%          1
 Animate Skeleton         Necr           26%        N/A       2%          1
 Pain                     Necr           52%        1d6       2%          1
 Poisonous Vapours        Pois/Air       100%       N/A       1%          2
 Static Discharge         Conj/Air       70%        N/A       1%          2
 Conjure Flame            Conj/Fire      66%        6-21      1%          3
 Dazzling Flash           Conj/Hex       100%       N/A       1%          3
 Inner Flame              Hex/Fire       40%        N/A       1%          3
 Portal Projectile        Hex/Tloc       64%        N/A       1%          3
 Swiftness                Air            66%        N/A       1%          3
 Fulminant Prism          Conj/Hex       26%        3d14      1%          4
 Sticky Flame             Conj/Fire      66%        2d8       1%          4
 Freezing Cloud           Conj/Ice/Air   28%        6-21      1%          5
 Slow                     Hex            19%        N/A       2%          2
 Bolt of Magma            Conj/Fire/Erth 26%        4d12      2%          5
 Orb of Destruction       Conj           36%        9d13      4%          7
 Vampiric Draining        Necr           6%         2d6       7%          3
 Cause Fear               Hex            9%         N/A       14%         4
 Blade Hands              Tmut           15%        N/A       16%         5
 Leda's Liquefaction      Hex/Erth       8%         N/A       17%         4
 Iron Shot                Conj/Erth      25%        9d5       17%         6
 Animate Dead             Necr           6%         N/A       22%         4
 Agony                    Necr           13%        N/A       50%         5
 Storm Form               Tmut/Air       26%        N/A       61%         7
 Spellforged Servitor     Conj/Summ      25%        N/A       65%         7
 Statue Form              Tmut/Erth      14%        N/A       83%         6
 Dragon Form              Tmut           15%        N/A       99%         7


Dungeon Overview and Level Annotations

Branches:
Dungeon (15/15)            Temple (1/1) D:6            Lair (6/6) D:9
  Swamp (0/4) Lair:3        Snake (2/4) Lair:3        Slime (0/5) Lair:6
    Orc (2/2) D:11            Elf (0/3) Orc:2        Vaults (0/5) D:14
 Depths (0/5) D:15

Altars:
Ashenzari
Cheibriados
Dithmenos
Elyvilon
Fedhas
Gozag
Hepliaklqana
Kikubaaqudgha
Makhleb
Nemelex Xobeh
Okawaru
Qazlal
Ru
Sif Muna
Trog
Uskayaw
Wu Jian
Xom
Yredelemnul
Zin
The Shining One
Beogh
Jiyva

Shops:
D:5 ?   D:12 (   Orc:2 !(=[   Snake:1 (

Annotations:
D:9 3 runed translucent doors, avis's ghost, novice DDNe
Lair:1 exclusion: 3 oklob plants
Lair:6 2 transporters, Viul's ghost, journeyman DgCj


Innate Abilities, Weirdness & Mutations

You have a beak for a mouth.
You have claws for feet.
Your magical nature lets you fly swiftly and evasively.


Message History

You feel sick.
The shock serpent shoots out a bolt of lightning at you!
The bolt of electricity hits you!
* * * LOW HITPOINT WARNING * * *
Blink to where?
Press: ? - help, Dir - move target, p - shock serpent
As you read the scroll of blinking, it crumbles to dust.
You feel sick.
Okay, then.
Casting: Fireball (mildly dangerous; 1% risk of failure)
Confirm with . or Enter, or press ? or * to list all spells.
Aiming: Mephitic Cloud (safe; 1% risk of failure)
Press: ? - help, Shift-Dir - straight line
Okay, then.
Press: ? - help, v - describe, . - travel
Here: a shock serpent (moderately wounded, umbra)
The floor.
Okay, then.
Okay, then.
The +3 hunting sling of Termination {venom, +Blink rC+ Int+7 SInv} stops dripping with poison.
X - the +6 hand axe "Miadiygo" (weapon)
{vorpal, rElec rCorr}
Okay, then.
Magic courses through your body.
You feel sick.
You are no longer poisoned.
Casting: Mephitic Cloud (safe; 1% risk of failure)
Confirm with . or Enter, or press ? or * to list all spells.
You erupt in a fountain of uncontrolled magic!
The shock serpent is blasted with magical radiation!
The shock serpent is heavily wounded.
The shock serpent twists and deforms.
You are very lightly contaminated with residual magic.
The shock serpent's electric aura discharges, shocking you!
You resist.
* * * LOW HITPOINT WARNING * * *
The shock serpent bites you!
* * * LOW HITPOINT WARNING * * *
The shock serpent shocks you. You resist.
* * * LOW HITPOINT WARNING * * *
The shock serpent bites you!
You die...

.............####.....##
..............####.....##
...............####.....##
................# ##.....##
................# ###.....#
......).........###.......#
............?...##........##
#[.........................###
............#...@............###
...#........#....S.............#
...##......##....................
..###......###......(............
..# ##.....# ####................
..## ..... .####......)......##.
...##..... ............)....### #
....... ..................##
....... .)............(....##


You could see a shock serpent (misshapen).

Vanquished Creatures
  Louise (D:14)
  3 very ugly things (D:15)
  Fannar (Lair:3)
  4 vault guards (D:14)
  7 naga warriors
  2 rakshasas (D:15)
  4 ogre magi (Orc:2)
  3 boulder beetles
  13 hydras
  An anaconda (Snake:1)
  16 two-headed ogres
  3 death knights
  3 naga sharpshooters (Snake:1)
  5 spriggan berserkers (D:15)
  A phantasmal warrior (D:14)
  A bog body (Lair:3)
  A deep elf archer (D:14)
  A wizard (D:14)
  A lindwurm (Lair:5)
  3 orc knights
  A deep elf pyromancer (D:13)
  7 mana vipers
  A harpy (shapeshifter) (D:15)
  15 ugly things
  4 salamanders
  2 orc sorcerers
  5 cyclopes
  4 manticores
  12 elephants
  A guardian serpent (Snake:2)
  3 naga magi (Snake:2)
  13 black mambas
  28 cane toads
  3 gargoyles
  A kobold demonologist (D:9)
  3 freezing wraiths
  11 komodo dragons
  A red devil (D:6)
  4 rime drakes
  2 hornets
  3 meliai (Lair:5)
  A queen bee (Lair:5)
  9 trolls
  Prince Ribbit (D:7)
  4 polar bears
  26 blink frogs
  3 tyrant leeches (Lair:6)
  12 slime creatures
  13 dream sheep
  Sigmund (D:4)
  2 wraiths
  A shadow (D:13)
  A vampire (D:11)
  A golden eye (shapeshifter) (D:13)
  38 yaks
  10 wyverns
  5 basilisks
  2 steam dragons
  9 vampire mosquitoes
  An acid dragon (D:12)
  14 nagas
  Edmund (D:4)
  4 wargs
  14 water moccasins
  A floating eye (Lair:1)
  11 orc warriors
  An ice beast (D:8)
  A sky beast (D:8)
  A black bear (Lair:2)
  31 ogres
  3 boggarts (D:15)
  4 centaurs
  17 wolves
  A phantom (D:7)
  2 kobold brigands (D:9)
  27 bullfrogs
  2 scorpions
  2 gnoll sergeants
  30 killer bees (Lair:5)
  7 wights
  3 electric eels
  3 howler monkeys
  A crimson imp (D:3)
  2 centaur zombies (D:9)
  6 hounds
  2 jellies
  A centaur skeleton (D:5)
  16 orc priests
  A hell rat (Lair:5)
  5 iguanas
  21 orc wizards
  A hound zombie (D:5)
  2 howler monkey zombies (D:8)
  Robin (D:4)
  16 gnolls
  6 adders
  An ufetubus (D:6)
  An adder skeleton (D:4)
  A dart slug (D:2)
  61 orcs
  2 endoplasms
  2 giant cockroaches (D:3)
  9 goblins
  6 hobgoblins
  2 jackals (D:1)
  5 quokkas
  10 ball pythons
  3 bats
  A frilled lizard (D:2)
  9 kobolds
  4 rats
  4 bushes
720 creatures vanquished.

Vanquished Creatures (collateral kills)
  A centaur warrior (D:12)
  A warg (D:11)
  An orc wizard (D:11)
  2 orcs (D:11)
  A goblin (D:11)
6 creatures vanquished.

Vanquished Creatures (others)
  A slime creature (D:12)
  8 fulminant prisms
  75 fungi
  211 plants
295 creatures vanquished.

Grand Total: 1021 creatures vanquished

Notes
Turn   | Place    | Note
-------+----------+-------------------------------------------
     0 | D:1      | Zonian the Tengu Conjurer began the quest for the Orb.
     0 | D:1      | Reached XP level 1. HP: 10/10 MP: 4/4
   387 | D:1      | Reached XP level 2. HP: 15/15 MP: 3/6
   390 | D:1      | Learned a level 2 spell: Searing Ray
   907 | D:1      | Found a faded altar of an unknown god.
  1160 | D:2      | Reached skill level 6 in Conjurations
  1418 | D:2      | Reached XP level 3. HP: 20/20 MP: 4/7
  2622 | D:3      | Reached skill level 1 in Fighting
  2819 | D:3      | Reached XP level 4. HP: 25/25 MP: 5/8
  3466 | D:3      | Found a burning altar of Makhleb.
  3466 | D:3      | Found a shimmering altar of Xom.
  3471 | D:3      | Gained mutation: Your magical nature lets you fly swiftly
                  | and evasively. [Tengu growth]
  3471 | D:3      | Reached XP level 5. HP: 25/29 MP: 4/10
  3800 | D:4      | Reached skill level 7 in Conjurations
  3804 | D:4      | Noticed Edmund
  3969 | D:4      | Noticed Robin
  4140 | D:4      | Reached XP level 6. HP: 35/35 MP: 5/11
  4416 | D:4      | Noticed Sigmund
  4460 | D:4      | Learned a level 1 spell: Foxfire
  4465 | D:4      | Learned a level 4 spell: Iskenderun's Mystic Blast
  4527 | D:4      | Killed Robin
  4888 | D:5      | Entered Level 5 of the Dungeon
  5193 | D:5      | Reached skill level 1 in Fire Magic
  5405 | D:5      | Reached skill level 1 in Translocations
  5405 | D:5      | Reached XP level 7. HP: 19/40 MP: 6/13
  6196 | D:5      | Reached skill level 8 in Conjurations
  6450 | D:5      | Identified the +0 leather armour of Dewoulin {Will+ Int+3
                  | Slay+3}
  6622 | D:5      | Reached XP level 8. HP: 46/46 MP: 10/15
  6859 | D:5      | Found Weaxkish's Magic Scroll Emporium.
  6867 | D:5      | Bought a scroll of fog for 22 gold pieces
  6867 | D:5      | Bought a scroll of teleportation for 33 gold pieces
  6867 | D:5      | Bought a scroll of fog for 22 gold pieces
  6867 | D:5      | Bought a scroll of teleportation for 33 gold pieces
  7169 | D:6      | Found a staircase to the Ecumenical Temple.
  7179 | Temple   | Entered the Ecumenical Temple
  7368 | D:6      | Found a snail-covered altar of Cheibriados.
  7482 | D:6      | Reached skill level 9 in Conjurations
  7601 | D:6      | Noticed Grinder
  7604 | D:6      | Noticed Grinder
  7604 | D:6      | Grinder changed into Grinder the red devil
  7610 | D:6      | Killed Grinder the red devil
  8165 | D:6      | Reached skill level 1 in Armour
  8802 | D:7      | Reached skill level 5 in Spellcasting
  8802 | D:7      | Reached XP level 9. HP: 52/52 MP: 12/17
  8994 | D:7      | Identified the ring of Ipinatt {MP+9 Dex+5}
  9053 | D:7      | Noticed Prince Ribbit
  9065 | D:7      | Killed Prince Ribbit
  9699 | D:7      | Identified the +9 quarterstaff of the Chopping Fox {vorpal,
                  | Dex+2}
  9815 | D:7      | Identified the +5 quarterstaff of Valour {freeze, +Rage
                  | Str+3 Int+2}
 10623 | D:7      | Learned a level 5 spell: Fireball
 10629 | D:7      | Learned a level 5 spell: Lightning Bolt
 10706 | D:7      | Reached skill level 10 in Conjurations
 11049 | D:8      | Noticed a hornet
 11053 | D:8      | Paralysed by a hornet for 1 turns
 11056 | D:8      | Killed a hornet
 11057 | D:8      | Reached skill level 1 in Air Magic
 11084 | D:8      | Reached skill level 5 in Fire Magic
 11285 | D:8      | Reached skill level 5 in Fighting
 11285 | D:8      | Reached XP level 10. HP: 37/59 MP: 20/20
 13304 | D:8      | Found an ancient bone altar of Kikubaaqudgha.
 13490 | D:8      | Found a shadowy altar of Dithmenos.
 13490 | D:8      | Found an opulent altar of Gozag.
 13491 | D:8      | Found a broken altar of Ashenzari.
 13567 | D:9      | Found a runed translucent gate.
 13697 | D:9      | Found a runed translucent gate.
 13701 | D:9      | Identified the +2 ring mail of Xeunietu {Regen+ Dex-5
                  | Slay-5 SInv}
 13712 | D:9      | Found a runed translucent gate.
 13712 | D:9      | Identified the +1 chain mail "Qycyw" {rPois rF+ Will+}
 13714 | D:9      | Noticed avis's ghost (novice DDNe)
 13869 | D:8      | Became a worshipper of Dithmenos the Shadowed
 14654 | D:9      | Reached skill level 1 in Invocations
 14696 | D:9      | Noticed a kobold demonologist
 14704 | D:9      | Killed a kobold demonologist
 14978 | D:9      | Found a staircase to the Lair.
 15000 | D:9      | Reached * piety under Dithmenos
 15449 | D:10     | Entered Level 10 of the Dungeon
 15688 | D:10     | Identified the +9 scale mail of the Pit {rN+ rCorr Dex+3
                  | Stlth+}
 15698 | D:10     | Noticed a two-headed ogre
 15707 | D:10     | Killed a two-headed ogre
 15708 | D:10     | Reached skill level 11 in Conjurations
 15708 | D:10     | Reached XP level 11. HP: 20/64 MP: 22/22
 16160 | D:10     | Learned a level 4 spell: Airstrike
 16281 | D:10     | Noticed a seven-headed hydra
 16453 | Lair:1   | Entered Level 1 of the Lair of Beasts
 16584 | Lair:1   | Noticed a six-headed hydra
 16604 | D:9      | Killed a six-headed hydra
 16605 | D:9      | Reached skill level 1 in Staves
 16605 | D:9      | Reached skill level 5 in Translocations
 16949 | Lair:1   | Paralysed by a floating eye for 3 turns
 17260 | Lair:1   | Noticed a six-headed hydra
 17266 | Lair:1   | Killed a six-headed hydra
 17267 | Lair:1   | Reached skill level 5 in Air Magic
 17967 | Lair:1   | Learned a level 4 spell: Fulminant Prism
 18022 | Lair:1   | Noticed an oklob plant
 18196 | Lair:1   | Noticed an oklob plant
 18362 | Lair:1   | Identified the +3 hunting sling of Termination {venom,
                  | +Blink rC+ Int+7 SInv}
 18365 | Lair:1   | Noticed an oklob plant
 18607 | D:9      | Noticed a two-headed ogre
 18617 | D:9      | Killed a two-headed ogre
 18996 | D:5      | Bought a scroll of acquirement for 572 gold pieces
 18996 | D:5      | Acquired a book of Clouds
 19835 | Lair:2   | Noticed a catoblepas
 20457 | Lair:3   | Noticed Fannar
 20466 | Lair:3   | Killed Fannar
 20467 | Lair:3   | Reached skill level 1 in Hexes
 20467 | Lair:3   | Reached XP level 12. HP: 71/71 MP: 7/24
 20700 | D:4      | Killed Edmund
 20746 | D:4      | Killed Sigmund
 21057 | D:5      | Bought a scroll of enchant armour for 82 gold pieces
 21456 | Lair:3   | Found a staircase to the Swamp.
 22118 | Lair:3   | Reached skill level 1 in Evocations
 22552 | Lair:3   | Noticed a four-headed hydra
 22565 | Lair:3   | Killed a four-headed hydra
 22874 | Lair:3   | Found a staircase to the Snake Pit.
 23661 | Lair:4   | Noticed a four-headed hydra
 23811 | Lair:4   | Killed a four-headed hydra
 24015 | Lair:4   | Reached ** piety under Dithmenos
 24016 | Lair:4   | Reached skill level 5 in Stealth
 24265 | Lair:4   | Reached skill level 12 in Conjurations
 24377 | Lair:4   | Found a glowing silver altar of Zin.
 24647 | Lair:4   | Reached skill level 5 in Dodging
 24647 | Lair:4   | Reached XP level 13. HP: 76/76 MP: 26/26
 25300 | Lair:4   | Learned a level 3 spell: Mephitic Cloud
 25329 | Lair:5   | Reached skill level 1 in Slings
 25329 | Lair:5   | Reached skill level 5 in Invocations
 25582 | Lair:5   | Reached skill level 1 in Poison Magic
 26061 | Lair:5   | Reached *** piety under Dithmenos
 29021 | Lair:6   | Entered Level 6 of the Lair of Beasts
 29021 | Lair:6   | Found a viscous altar of Jiyva.
 29021 | Lair:6   | Found a staircase to the Slime Pits.
 29596 | Lair:6   | Reached XP level 14. HP: 49/84 MP: 7/27
 29609 | Lair:6   | Reached **** piety under Dithmenos
 31001 | Lair:5   | Reached skill level 13 in Conjurations
 31651 | Lair:6   | Found a transporter.
 31847 | Lair:6   | Reached skill level 10 in Air Magic
 32997 | Lair:6   | Reached skill level 5 in Evocations
 33847 | Lair:6   | Found a transporter.
 33861 | Lair:6   | Noticed Viul's ghost (journeyman DgCj)
 34367 | Lair:6   | Found a bloodstained altar of Trog.
 35036 | D:11     | Found a staircase to the Orcish Mines.
 35641 | D:11     | Identified the +4 ring mail "Jeluklar" {rElec}
 35943 | D:12     | Found a flickering gateway to a bazaar.
 35972 | Bazaar   | Entered a bazaar
 35972 | Bazaar   | Found Pycs's Magic Scroll Shoppe.
 35972 | Bazaar   | Found Hoxetacy's General Store.
 36376 | Bazaar   | Found Capeut's Magic Scroll Shoppe.
 36391 | Bazaar   | Found Kaishe's Magic Scroll Emporium.
 36399 | Bazaar   | Bought a scroll of blinking for 90 gold pieces
 36399 | Bazaar   | Bought a scroll of teleportation for 36 gold pieces
 36399 | Bazaar   | Bought a scroll of fog for 24 gold pieces
 36413 | Bazaar   | Bought a scroll of blinking for 82 gold pieces
 36413 | Bazaar   | Bought a scroll of teleportation for 33 gold pieces
 36413 | Bazaar   | Bought a scroll of fog for 22 gold pieces
 36418 | Bazaar   | Bought a scroll of summoning for 104 gold pieces
 36730 | D:12     | Reached ***** piety under Dithmenos
 36904 | D:12     | Found Pepem's Antique Weapon Shop.
 36994 | D:12     | Reached XP level 15. HP: 56/89 MP: 17/29
 38565 | D:13     | Reached skill level 5 in Slings
 38599 | D:13     | Reached skill level 5 in Poison Magic
 38909 | D:13     | Learned a level 5 spell: Irradiate
 40170 | D:14     | Noticed Louise
 40180 | D:14     | Killed Louise
 40721 | D:14     | Reached skill level 1 in Transmutations
 42365 | D:14     | Found a gate to the Vaults.
 42606 | D:15     | Entered Level 15 of the Dungeon
 43922 | D:15     | Found the +8 Wrath of Trog {antimagic, *Rage}
 43999 | D:15     | Reached skill level 14 in Conjurations
 44275 | D:15     | Found a staircase to the Depths.
 44280 | D:15     | Reached XP level 16. HP: 49/96 MP: 20/30
 44902 | Orc:1    | Entered Level 1 of the Orcish Mines
 45068 | Orc:1    | Reached skill level 10 in Spellcasting
 45751 | Orc:2    | Entered Level 2 of the Orcish Mines
 46111 | Orc:2    | Found a staircase to the Elven Halls.
 46240 | Orc:2    | Reached ****** piety under Dithmenos
 47604 | Orc:2    | Found Juobera's Jewellery Shop.
 47604 | Orc:2    | Found Joatim's Distillery.
 47605 | Orc:2    | Found Guadurix's Armour Shoppe.
 47605 | Orc:2    | Found Hotam's Weapon Shop.
 47617 | Orc:2    | Bought a potion of curing for 51 gold pieces
 47617 | Orc:2    | Bought a potion of curing for 51 gold pieces
 47617 | Orc:2    | Bought a potion of curing for 51 gold pieces
 47617 | Orc:2    | Bought a potion of curing for 51 gold pieces
 47920 | Snake:1  | Entered Level 1 of the Snake Pit
 50202 | Snake:1  | Found Peexuub's Antique Weapon Boutique.
 50209 | Snake:1  | Bought a jewelled long sword for 280 gold pieces
 50209 | Snake:1  | Identified the +9 long sword "Isomufi" {vorpal, rF- Str+4
                  | Dex+8 SInv} (You bought it in a shop on level 1 of the
                  | Snake Pit)
 50209 | Snake:1  | Bought a pitted hand axe for 264 gold pieces
 50209 | Snake:1  | Identified the +6 hand axe "Miadiygo" {vorpal, rElec rCorr}
                  | (You bought it in a shop on level 1 of the Snake Pit)
 51308 | Snake:1  | Learned a level 5 spell: Iskenderun's Battlesphere
 52075 | Snake:2  | Slain by a shock serpent

Illustrated notes

Levels and vault maps discovered:
D:1:      matt_arrival_refuge, layout_basic, chequers_ecumenical_altar_twisty
D:2:      layout_basic, feat_on_display
D:3:      layout_loops_ring, grunt_temple_overflow_champion_of_chaos
D:4:      layout_loops_ring, uniq_edmund, uniq_robin, uniq_sigmund
D:5:      layout_loops_ring, serial_shops, shop, minmay_misc_feat_rugged
D:6:      layout_loops_ring, cheibriados_altar_1, minmay_temple_entry_wispy,
          grunt_ministairs_2, kennysheep_generic_room_15, uniq_grinder
D:7:      layout_loops_ring, minmay_misc_feat_tiny, minmay_splitting_lines,
          minmay_misc_feat_hallway, uniq_prince_ribbit1
D:8:      layout_rooms, general_overflow_altar,
          gammafunk_temple_overflow_forgotten, abandoned_shop
D:9:      layout_cave_pools, nicolae_overflow_hidden_temple,
          minmay_lair_entry_grove, biasface_ghost_orc_armoury, dk_vineyard_2
D:10:     layout_roguey
D:11:     layout_cave_pods, erik_orc_4, minivault_16
D:12:     layout_stronghold, serial_shops, bzr_entry_gold,
          nicolae_shop_statue_plus, gauntlet_entry_generic, corner_web_ring,
          lightli_minifort
D:13:     layout_roguey
D:14:     layout_small_grid, grunt_vaults_entry_fortified,
          minmay_misc_feat_pillars, uniq_louise
D:15:     gammafunk_enter_depths_forms, layout_rooms,
          minmay_guarded_unrand_wrath_of_trog
Temple:   eino_narrow_crystal_temple
Lair:1:   layout_misc_corridors, disabler_island
Lair:2:   layout_long_grid
Lair:3:   layout_layer_cave, skrybe_swamp_entry_bodies,
          guppyfry_snake_entry_garden, serial_forest,
          infiniplex_forest_clump_small, infiniplex_forest_lined_room_2,
          infiniplex_forest_fountain, infiniplex_forest_clump_diagonal,
          infiniplex_forest_lined_2, infiniplex_forest_clump_large,
          infiniplex_forest_corner_1, infiniplex_forest_clump_diagonal,
          uniq_fannar
Lair:4:   layout_concentric_octagons, basic_altar
Lair:5:   regret_index_wax_grids, layout_hall_layers, beast_lair_carwin_1,
          grunt_megastairs_1
Lair:6:   minmay_lair_end_frog_pond, layout_hall_layers, slime_altar_1,
          gammafunk_ghost_wrathful_warriors
Snake:1:  layout_gridlike, serial_shops, shop
Snake:2:  layout_onion
Orc:1:    layout_caves
Orc:2:    st_orc_ogre_mass, layout_caves

Skill      XL: |  1  2  3  4  5  6  7  8  9 10 11 12 13 14 15 16 |
---------------+-------------------------------------------------+-----
Conjurations   | 6 7 8 9 10 11 12 13 14 | 14.5
Fighting       | 1 2 3 4 5 6 7 8 9 |  9.9
Spellcasting   | 3 4 5 6 7 8 9 10 | 10.3
Fire Magic     | 1 2 3 5 6 7 8 9 |  9.2
Stealth        | 3 4 5 6 7 8 9 |  9.1
Translocations | 1 2 3 4 5 6 |  6.0
Armour         | 1 3 |  3.5
Dodging        | 3 5 6 7 8 |  8.8
Air Magic      | 2 4 6 8 9 10 11 | 11.8
Invocations    | 2 3 4 5 6 7 8 |  8.0
Staves         | 2 4 |  4.2
Hexes          | 1 |  1.2
Evocations     | 2 4 5 6 7 |  7.1
Slings         | 3 4 5 6 |  6.6
Poison Magic   | 3 4 5 6 |  6.6
Transmutations | 2 3 |  3.3

Action                   |  1- 3 |  4- 6 |  7- 9 | 10-12 | 13-15 | 16-18 || total
-------------------------+-------+-------+-------+-------+-------+-------++-------
Melee: Quarterstaff      |       |       |     2 |    21 |    24 |     4 ||    51
       Kick              |       |       |       |     9 |     8 |       ||    17
       Peck              |       |       |       |     5 |     5 |       ||    10
 Fire: Hunting sling     |       |       |       |    45 |   301 |   158 ||   504
Throw: Throwing net      |       |       |       |     1 |       |       ||     1
 Cast: Magic Dart        |    66 |    88 |   183 |   206 |   252 |       ||   795
       Searing Ray       |       |     8 |    31 |    41 |     7 |    11 ||    98
       Iskenderun's Myst |       |       |       |    53 |   190 |    62 ||   305
       Airstrike         |       |       |       |    16 |   123 |    32 ||   171
       Fireball          |       |       |       |    40 |   100 |    64 ||   204
       Lightning Bolt    |       |       |       |    11 |    81 |    28 ||   120
       Fulminant Prism   |       |       |       |     2 |     6 |       ||     8
       Mephitic Cloud    |       |       |       |       |    25 |    17 ||    42
       Irradiate         |       |       |       |       |     2 |     2 ||     4
       Iskenderun's Batt |       |       |       |       |       |     4 ||     4
 Abil: Evoke Blink       |       |       |       |       |     2 |       ||     2
Evoke: Wand              |       |       |     1 |     6 |     7 |     6 ||    20
  Use: Scroll            |       |     8 |     5 |    10 |     8 |     5 ||    36
       Potion            |       |       |       |     2 |     1 |     1 ||     4
 Stab: Paralysed         |       |       |       |     1 |       |       ||     1
       Held in net/web   |       |       |       |     1 |       |       ||     1
Armor: Leather armour    |       |       |     6 |    24 |    18 |     8 ||    56
Dodge: Dodged            |     1 |     9 |    23 |   129 |   167 |    72 ||   401

Table legend: (Time is in decaauts)
 A = Elapsed time spent in this place.
 B = Non-inter-level travel time spent in this place.
 C = Inter-level travel time spent in this place.
 D = Time resting spent in this place.
 E = Time spent auto-exploring this place.
 F = Levels seen in this place.
 G = Mean time per level.
                   A        B        C        D        E       F      G
               +--------+--------+--------+--------+--------+-----+--------+
         Total |  50453 |  48553 |   1900 |  27575 |  13465 |  27 | 1868.6 |
       Dungeon |  26526 |  25142 |   1384 |  12804 |   8809 |  15 | 1768.4 |
        Temple |    165 |    151 |     14 |      0 |    150 |   1 |  165.0 |
          Lair |  17554 |  17157 |    397 |  10957 |   3345 |   6 | 2925.7 |
     Snake Pit |   2928 |   2882 |     46 |   1720 |    454 |   2 | 1464.0 |
  Orcish Mines |   2814 |   2757 |     57 |   1693 |    705 |   2 | 1407.0 |
        Bazaar |    464 |    464 |      0 |    400 |      0 |   1 |  464.0 |
               +--------+--------+--------+--------+--------+-----+--------+

Top non-repeatable levels by time:
  Lair:5: 4663 daAuts
  Lair:3: 3186 daAuts
  Lair:6: 3076 daAuts
    D:13: 2948 daAuts
  Lair:4: 2824 daAuts
     D:7: 2819 daAuts
 Snake:1: 2425 daAuts
    D:14: 2396 daAuts
     D:5: 2312 daAuts
     D:6: 2256 daAuts
     D:9: 2078 daAuts
  Lair:1: 2014 daAuts
  Lair:2: 1789 daAuts
     D:8: 1761 daAuts
    D:15: 1756 daAuts
